 Dungeon Crawl Stone Soup version 0.17.0-28-g6e173f8 (webtiles) character file.

110 septik the Cudgeler (level 4, -4/33 HPs)
             Began as a Demonspawn Gladiator on Dec 1, 2015.
             Slain by a sky beast (5 damage)
             ... on level 3 of the Dungeon.
             The game lasted 00:06:48 (2258 turns).

septik the Cudgeler (Demonspawn Gladiator)          Turns: 2258, Time: 00:06:49

Health: -4/33      AC: 11    Str: 15    XL:     4   Next: 61%
Magic:  4/4        EV:  7    Int:  9    God:
Gold:   65         SH:  0    Dex: 15    Spells: 0 memorised, 3 levels left

rFire  . . .     SeeInvis .     p - +2 whip (vamp)
rCold  . . .     Clarity  .     q - +0 chain mail
rNeg   . . .     SustAt   .     (no shield)
rPois  .         Gourm    .     c - +0 helmet
rElec  .         Spirit   .     (no cloak)
rCorr  .         Warding  .     (no gloves)
rMut   .         Stasis   .     (no boots)
MR     .....                    (no amulet)
Stlth  ..........               (no ring)
                                (no ring)

@: not resistant to hostile enchantments, extremely unstealthy
A: yellow scales 1, demonic guardian 1
a: no special abilities


You were on level 3 of the Dungeon.
You were very hungry.

You visited 1 branch of the dungeon, and saw 3 of its levels.

You collected 65 gold pieces.

Inventory:

Hand Weapons
 a - a +0 quarterstaff
 p - a +2 vampiric whip (weapon)
Missiles
 d - 3 throwing nets (quivered)
 l - 62 stones
Armour
 b - a +0 leather armour
 c - a +0 helmet (worn)
 q - a +0 chain mail (worn)
Jewellery
 n - an uncursed ring of protection from fire {unknown}
Scrolls
 f - 2 scrolls of recharging {unknown}
 g - a scroll of enchant weapon {unknown}
 h - 3 scrolls of remove curse {unknown}
 i - 3 scrolls of amnesia {unknown}
 j - a scroll of immolation {unknown}
 k - 4 scrolls of identify {unknown}
 o - a scroll of enchant armour {unknown}
 v - 2 scrolls of teleportation {unknown}
Potions
 m - a potion of haste {unknown}
 s - 3 potions of curing {unknown}
 u - a potion of agility {unknown}
 w - a potion of ambrosia {unknown}
Books
 x - a book of the Warp

   Spells                             Type                      Level
   a - Recall                         Summoning/Translocation      3
   b - Gell's Gravitas                Hexes/Translocation          3
   c - Force Lance                    Conjuration/Translocation    4
   d - Phase Shift                    Translocation                5
   e - Warp Weapon                    Charms/Translocation         5
   f - Summon Forest                  Summoning/Translocation      5
Comestibles
 e - a bread ration
 r - 2 royal jellies
 t - 5 chunks of flesh


   Skills:
 - Level 2.0 Fighting
 + Level 3.6(4.2) Maces & Flails
 - Level 3.0(3.8) Staves
 - Level 1.7 Throwing
 - Level 2.6 Dodging


You had 3 spell levels left.
You didn't know any spells.

Dungeon Overview and Level Annotations

Branches:
Dungeon (3/15)

Altars:
Qazlal

Annotations:
D:2 Sigmund


Innate Abilities, Weirdness & Mutations

You are partially covered in yellow scales (AC +2).
A weak demonic guardian rushes to your aid.


Message History

Your quasit bites the sky beast.
Your quasit closely misses the sky beast.
Your quasit claws the sky beast but does no damage.
Something closely misses your quasit.
You see here a hobgoblin corpse.
Your quasit disappears in a puff of smoke!
Deactivating autopickup; reactivate with Ctrl-A.
Your chain mail prevents you from hitting something.
A sky beast appears from thin air!
Reactivating autopickup.
The sky beast hits you.
* * * LOW HITPOINT WARNING * * *
The sky beast shocks you.
* * * LOW HITPOINT WARNING * * *
You barely miss the sky beast.
The sky beast is almost dead.
The sky beast hits you.
* * * LOW HITPOINT WARNING * * *
The sky beast shocks you.
You die...

... #.........# #.....#
#.........# #######.....#
#.........# ##
##...........# #.........#
#. .............#
#.........# #g
..%..........###.........#
#.
.............##..........#
##
........(....##.###...####
#...........Y@..###..##
#......##...###.......#
#......##..##.#.......# ##
#......#..##.##.......# #.
#......#....##..#####.##
###. ######.##..†#...#
#..# #... #.###......#
#..####.## #..###..##.#
##..##.... ####
#...######.# #..##.)##


You could see a sky beast.

Vanquished Creatures
  An orc wizard (D:3)
  2 adders
  3 worms
  2 giant geckos
  3 orcs (D:3)
  A giant cockroach (D:2)
  2 goblins
  11 hobgoblins
  2 jackals (D:2)
  7 bats
  7 giant newts
  6 kobolds
  4 rats
51 creatures vanquished.

Vanquished Creatures (others)
  A kobold (D:1)
1 creature vanquished.

Grand Total: 52 creatures vanquished

Notes
Turn   | Place    | Note
--------------------------------------------------------------
     0 | D:1      | septik the Demonspawn Gladiator began the quest for the Orb.
     0 | D:1      | Reached XP level 1. HP: 16/16 MP: 1/1
   377 | D:1      | Reached skill level 3 in Staves
   692 | D:1      | Gained mutation: You are partially covered in yellow scales (AC +2). [demonic ancestry]
   692 | D:1      | Reached XP level 2. HP: 22/22 MP: 2/2
   715 | D:1      | Reached skill level 1 in Maces & Flails
  1128 | D:2      | Reached XP level 3. HP: 27/27 MP: 3/3
  1155 | D:2      | Found a stormy altar of Qazlal.
  1164 | D:2      | Noticed Sigmund
  1563 | D:3      | Noticed a sky beast
  1654 | D:3      | HP: 1/27 [sky beast (6)]
  1827 | D:3      | Gained mutation: A weak demonic guardian rushes to your aid. [demonic ancestry]
  1827 | D:3      | Reached XP level 4. HP: 7/33 MP: 4/4
  2258 | D:3      | HP: 1/33 [sky beast (2)]
  2258 | D:3      | Slain by a sky beast

Action                   |  1- 3 |  4- 6 || total
-------------------------+-------+-------++-------
Melee: Whip              |   154 |    83 ||   237
       Quarterstaff      |    11 |       ||    11
 Stab: Distracted        |       |     1 ||     1
  Eat: Meat ration       |     1 |       ||     1
       Chunk             |     2 |     1 ||     3
